 Dungeon Crawl Stone Soup version 0.25.1-2-g60ff931df9 (webtiles) character file.

Game seed: 6283002715069456174

50825 praxismo the Severer (level 14, -27/116 HPs)
             Began as a Minotaur Berserker on Aug 20, 2020.
             Was a High Priest of Trog.
             Blown up by an orb spider (57 damage)
             ... with an orb of destruction
             ... on level 1 of the Spider Nest on Aug 22, 2020.
             The game lasted 03:32:10 (19944 turns).

praxismo the Severer (Minotaur Berserker)          Turns: 19944, Time: 03:32:10

Health: -27/116    AC: 20    Str: 24    XL:     14   Next: 21%
Magic:  15/15      EV: 17    Int:  2    God:    Trog [*****.]
Gold:   1036       SH:  5    Dex: 24    Spells: 13/13 levels left

rFire    . . .     SeeInvis .   B - +2 executioner's axe (vorpal)
rCold    . . .     Gourm    .   (shield currently unavailable)
rNeg     . . .     Faith    .   L - +6 plate armour of Salvation {*Drain +Blink rElec Dex+7}
rPois    .         Spirit   .   (helmet restricted)
rElec    +         Reflect  +   V - scarf {harm}
rCorr    +         Harm     +   E - +0 pair of gloves
MR       +....     Clarity  +   (no boots)
Stlth    ..........             t - amulet of reflection
HPRegen  0.29/turn              s - +6 ring of dexterity
MPRegen  0.14/turn              Q - ring of resist corrosion

@: no status effects
A: retaliatory headbutt, horns 2, iridescent scales 1, clarity, deformed body,
dopey 1, frail 1, weak 1
a: Berserk, Trog's Hand, Brothers in Arms, Renounce Religion, Evoke Blink


You were on level 1 of the Spider Nest.
You worshipped Trog.
Trog was extremely pleased with you.
You were not hungry.

You visited 4 branches of the dungeon, and saw 18 of its levels.

You collected 1207 gold pieces.
You spent 171 gold pieces at shops.

Inventory:

Hand Weapons
 g - a +0 battleaxe
 y - a +0 hunting sling
 B - a +2 vorpal executioner's axe (weapon)
 U - a +3 battleaxe
Missiles
 a - 6 javelins
 e - 29 poisoned darts (quivered)
 k - 12 atropa-tipped darts
 o - 110 sling bullets
 G - 4 silver javelins
Armour
 E - a +0 pair of gloves (worn)
 K - a +4 plate armour
 L - the +6 plate armour of Salvation (worn) {*Drain +Blink rElec Dex+7}
   (You found it on level 6 of the Lair of Beasts)

   It affects your dexterity (+7).
   It insulates you from electricity.
   It lets you blink.
   It causes draining when unequipped.
 O - a +0 pair of gloves
 V - a scarf of harm (worn)
Jewellery
 r - a +6 ring of dexterity
 s - a +6 ring of dexterity (left hand)
 t - an amulet of reflection (around neck)
 u - an uncursed ring of magical power
 P - an uncursed ring of stealth
 Q - a ring of resist corrosion (right hand)
 S - an uncursed ring of ice
Wands
 w - a wand of enslavement (5)
 H - a wand of polymorph (19)
 J - a wand of paralysis (4)
 N - a wand of disintegration (12)
 Y - a wand of acid (16)
Scrolls
 d - 4 scrolls of fear
 f - 6 scrolls of teleportation
 h - a scroll of enchant weapon
 i - 6 scrolls of remove curse
 n - a scroll of amnesia
 q - 5 scrolls of blinking
 D - 3 scrolls of fog
 X - a scroll of magic mapping {unknown}
 Z - a scroll of immolation
Potions
 b - 3 potions of haste
 l - a potion of degeneration {unknown}
 m - a potion of brilliance
 p - 3 potions of flight
 x - a potion of lignification
 z - 2 potions of cancellation
 A - 3 potions of might
 C - a potion of magic
 F - a potion of ambrosia
 M - a potion of stabbing {unknown}
Miscellaneous
 j - a lightning rod (4/4)
Comestibles
 c - 9 rations


   Skills:
 - Level 13.4 Fighting
 - Level 17.8 Axes
 - Level 13.2 Armour
 - Level 12.2 Dodging
 + Level 3.2 Evocations


You had 13 spell levels left.
You didn't know any spells.
Your spell library was empty.

Dungeon Overview and Level Annotations

Branches:
Dungeon (10/15)            Temple (1/1) D:4            Lair (6/6) D:10
 Shoals (0/4) Lair:4       Spider (1/4) Lair:2        Slime (0/5) Lair:6
    Orc: D:9-12

Altars:
Ashenzari
Cheibriados
Dithmenos
Elyvilon
Fedhas
Gozag
Hepliaklqana
Kikubaaqudgha
Makhleb
Nemelex Xobeh
Okawaru
Qazlal
Ru
Sif Muna
Trog
Uskayaw
Vehumet
Wu Jian
Xom
Yredelemnul
Zin
The Shining One
Jiyva

Shops:
D:5 *


Innate Abilities, Weirdness & Mutations

You reflexively headbutt those who attack you in melee.
You have a pair of horns on your head.
You are partially covered in iridescent scales. (AC +2)
You possess an exceptional clarity of mind.
Armour fits poorly on your strangely shaped body.
You are dopey. (Int -2)
You are frail. (-10% HP)
You are weak. (Str -2)


Message History

Throwing (i - inventory. (/) - cycle)
e - 31 poisoned darts (quivered)
Press: ? - help, Shift-Dir - straight line, f - orb spider
Aim: an orb spider You throw a poisoned dart.
The poisoned dart barely misses the orb spider.
The orb spider pulsates with a strange energy.
Throwing (i - inventory. (/) - cycle)
e - 30 poisoned darts (quivered)
Press: ? - help, Shift-Dir - straight line, f/p - orb spider
Aim: an orb spider (fully charged)
You throw a poisoned dart. The poisoned dart hits the orb spider.
The orb spider is poisoned.
The orb spider weaves a glowing orb of energy.
An orb of destruction comes into view.
The orb spider looks more healthy.
The orb of destruction hits you!!!
* * * LOW HITPOINT WARNING * * *
The orb spider pulsates with a strange energy.
The orb spider weaves a glowing orb of energy.
An orb of destruction comes into view.
The orb of destruction hits you!!!
You die...

........................^........
.................................
....^.....................(......
...>.............................
.....................s........^..
.................................
.....................○...........
...................°○...........^
................@○○..............
....^.>.......................#..
#..............#.............####
###............#............##
#...<........#...........##
#......^....####........##
#...#...#.....# ####.#..##
######..#....## ###### ####....#


You could see an orb spider.

Vanquished Creatures
  An entropy weaver (Spider:1)
  2 hydras
  4 two-headed ogres
  The ghost of gruber the Blocker, a novice DDFi of Makhleb (D:10)
  Urug (Lair:6)
  9 death yaks
  3 orb spiders (Spider:1)
  Pikel (D:7)
  2 moths of wrath
  A manticore (D:10)
  5 elephants (Lair:5)
  3 black mambas
  The ghost of harkrass the Firebug, a novice HOFE (D:6)
  7 spiny frogs
  7 komodo dragons
  5 rime drakes
  2 jumping spiders (Lair:2)
  4 polar bears
  3 hornets (Lair:6)
  3 blink frogs (Lair:2)
  3 dream sheep (Lair:6)
  5 hippogriffs
  8 redbacks (Spider:1)
  Sigmund (D:3)
  5 tarantellas (Spider:1)
  14 spriggans (Lair:6)
  3 wyverns
  46 yaks
  7 basilisks
  A hungry ghost (D:7)
  11 water moccasins
  A soldier ant (D:10)
  7 porcupines
  2 sky beasts
  2 orc warriors
  4 black bears
  3 ice beasts
  A necrophage (D:9)
  35 wolves
  A phantom (D:9)
  4 ogres
  4 boggarts (Lair:6)
  2 centaurs
  7 crocodiles
  2 big kobolds
  14 bullfrogs
  A gnoll sergeant (D:10)
  5 scorpions
  15 killer bees
  A howler monkey (D:8)
  3 electric eels (Lair:5)
  4 crimson imps
  A bullfrog zombie (D:9)
  5 bullfrog skeletons
  A centaur skeleton (D:6)
  7 hounds
  A jelly (D:5)
  6 orc priests
  7 worker ants
  14 orc wizards
  Robin (D:4)
  4 gnolls (D:10)
  6 adders
  A shadow imp (D:8)
  3 adder skeletons
  5 worms
  5 dart slugs
  6 leopard geckos
  22 orcs
  4 ball pythons
  5 bats
  6 giant cockroaches
  7 goblins (D:4)
  9 hobgoblins
  16 jackals
  15 kobolds
  3 quokkas
  5 frilled lizards
  A quokka zombie (D:5)
  7 rats
460 creatures vanquished.

Vanquished Creatures (collateral kills)
  A hydra (Lair:3)
1 creature vanquished.

Vanquished Creatures (others)
  A slave (D:7)
  An adder (D:7)
  A bush (Lair:1)
  13 fungi
  9 plants
25 creatures vanquished.

Grand Total: 486 creatures vanquished

Notes
Turn   | Place    | Note
-------+----------+-------------------------------------------
     0 | D:1      | praxismo the Minotaur Berserker began the quest for the
                  | Orb.
     0 | D:1      | Reached XP level 1. HP: 19/19 MP: 0/0
   147 | D:1      | Reached XP level 2. HP: 27/27 MP: 1/1
   206 | D:1      | Reached skill level 4 in Axes
   855 | D:2      | Reached ** piety under Trog
   855 | D:2      | Reached XP level 3. HP: 33/33 MP: 2/2
  1237 | D:2      | Found a burning altar of Makhleb.
  1474 | D:2      | Noticed a +0 dagger
  1475 | D:2      | Noticed a +0 dagger
  1478 | D:2      | Found a hide-covered altar of Uskayaw.
  1830 | D:3      | Reached XP level 4. HP: 40/40 MP: 3/3
  2194 | D:3      | Reached *** piety under Trog
  2280 | D:3      | Noticed Sigmund
  2288 | D:3      | Killed Sigmund
  2288 | D:3      | Reached skill level 5 in Axes
  2288 | D:3      | Reached XP level 5. HP: 47/47 MP: 4/4
  2737 | D:4      | Found a glowing silver altar of Zin.
  2738 | D:4      | Found Zin's Purification Station.
  2743 | D:4      | Bought a potion of curing for 90 gold pieces
  2755 | D:4      | Reached XP level 6. HP: 55/55 MP: 5/5
  2826 | D:4      | Found a bloodstained altar of Trog.
  2827 | D:4      | Found the +7 pair of quick blades "Gyre" and "Gimble"
                  | {protect}
  2876 | D:4      | Reached skill level 5 in Fighting
  2876 | D:4      | Reached skill level 6 in Axes
  2935 | D:4      | Found a staircase to the Ecumenical Temple.
  2965 | Temple   | Entered the Ecumenical Temple
  3117 | D:4      | Noticed Robin
  3130 | D:4      | Killed Robin
  3842 | D:5      | Entered Level 5 of the Dungeon
  3848 | D:4      | Gained mutation: You possess an exceptional clarity of
                  | mind. [potion of mutation]
  3848 | D:4      | Gained mutation: Armour fits poorly on your strangely
                  | shaped body. [potion of mutation]
  3848 | D:4      | Gained mutation: You are weak. (Str -2) [potion of
                  | mutation]
  3848 | D:4      | Gained mutation: You are partially covered in iridescent
                  | scales. (AC +2) [potion of mutation]
  3959 | D:5      | Found a basalt altar of Yredelemnul.
  4191 | D:5      | Found Ickinauf's Assorted Antiques.
  4199 | D:5      | Noticed a sky beast
  4204 | D:5      | Bought a potion of curing for 81 gold pieces
  4213 | D:5      | Killed a sky beast
  4213 | D:5      | Reached XP level 7. HP: 54/61 MP: 6/6
  4328 | D:5      | Reached skill level 7 in Axes
  4536 | D:5      | Found an ornate altar of the Wu Jian Council.
  4670 | D:6      | Reached skill level 5 in Armour
  4685 | D:6      | Found a runed translucent door.
  4686 | D:6      | Noticed harkrass's ghost (novice HOFE)
  4726 | D:6      | Killed harkrass's ghost
  4726 | D:6      | Reached skill level 8 in Axes
  4726 | D:6      | Reached skill level 5 in Dodging
  4726 | D:6      | Reached XP level 8. HP: 71/71 MP: 7/7
  4884 | D:6      | Found a runed translucent door.
  5652 | D:6      | Found a shattered altar of Ashenzari.
  5652 | D:6      | Found a sacrificial altar of Ru.
  5937 | D:7      | Reached **** piety under Trog
  5943 | D:7      | Noticed Pikel
  5950 | D:7      | Killed Pikel
  5950 | D:7      | Reached skill level 9 in Axes
  5966 | D:7      | Reached XP level 9. HP: 79/79 MP: 8/8
  6395 | D:7      | Got a steaming mace
  6435 | D:7      | Reached skill level 10 in Axes
  6841 | D:8      | Noticed a two-headed ogre
  6852 | D:8      | Killed a two-headed ogre
  6920 | D:8      | Reached skill level 11 in Axes
  7454 | D:9      | Reached XP level 10. HP: 90/90 MP: 9/9
  7632 | D:9      | Noticed a two-headed ogre
  7639 | D:9      | Killed a two-headed ogre
  7764 | D:9      | Reached skill level 12 in Axes
  7834 | D:9      | Reached ***** piety under Trog
  8022 | D:9      | Noticed a two-headed ogre
  8045 | D:9      | Killed a two-headed ogre
  8395 | D:10     | Entered Level 10 of the Dungeon
  8689 | D:10     | Noticed a two-headed ogre
  8693 | D:10     | Reached XP level 11. HP: 99/99 MP: 10/10
  8694 | D:10     | Reached skill level 13 in Axes
  8701 | D:10     | Killed a two-headed ogre
  8702 | D:10     | Reached skill level 10 in Fighting
  8753 | D:10     | Found a staircase to the Lair.
  8971 | D:10     | Found a transporter.
  8974 | D:10     | Noticed gruber's ghost (novice DDFi)
  8994 | D:10     | Reached skill level 10 in Armour
  9001 | D:10     | Killed gruber's ghost
  9006 | D:10     | Found a transporter.
  9203 | D:10     | Received a gift from Trog
  9408 | D:10     | Reached skill level 14 in Axes
 10073 | Lair:1   | Entered Level 1 of the Lair of Beasts
 10725 | Lair:1   | Noticed a four-headed hydra
 10928 | Lair:1   | Killed a nine-headed hydra
 11132 | Lair:1   | Reached XP level 12. HP: 100/110 MP: 11/11
 11406 | Lair:2   | Reached skill level 10 in Dodging
 12006 | Lair:2   | Reached skill level 15 in Axes
 12045 | Lair:2   | Found a hole to the Spider Nest.
 12856 | Lair:3   | Noticed a death yak
 12857 | Lair:3   | Noticed a death yak
 12857 | Lair:3   | Noticed a death yak
 12857 | Lair:3   | Noticed a death yak
 12858 | Lair:3   | Noticed a death yak
 12859 | Lair:3   | Noticed a death yak
 12863 | Lair:3   | Killed a death yak
 12867 | Lair:3   | Killed a death yak
 12870 | Lair:3   | Killed a death yak
 12873 | Lair:3   | Killed a death yak
 12876 | Lair:3   | Killed a death yak
 12878 | Lair:3   | Killed a death yak
 13095 | Lair:3   | Noticed an eight-headed hydra
 13120 | Lair:3   | Killed a nine-headed hydra
 13716 | Lair:3   | Reached skill level 16 in Axes
 14180 | Lair:4   | Reached XP level 13. HP: 118/118 MP: 12/12
 14865 | Lair:4   | Found a staircase to the Shoals.
 15412 | Lair:5   | Got a heavily runed chain mail
 15433 | Lair:5   | Identified the cursed +1 chain mail of a bazaar {*Contam
                  | +Inv Str+2 Int+6} (You found it on level 5 of the Lair of
                  | Beasts)
 15455 | Lair:5   | Gained mutation: You are frail. (-10% HP) [mutagenic glow]
 15659 | Lair:5   | Gained mutation: You are dopey. (Int -2) [mutagenic glow]
 16806 | Lair:6   | Entered Level 6 of the Lair of Beasts
 17019 | Lair:6   | Received a gift from Trog
 17105 | Lair:6   | Noticed Urug
 17114 | Lair:6   | Killed Urug
 17128 | Lair:6   | Reached skill level 17 in Axes
 17899 | Lair:6   | Got a distressingly furry plate armour
 17915 | Lair:6   | Identified the +6 plate armour of Salvation {*Drain +Blink
                  | rElec Dex+7} (You found it on level 6 of the Lair of
                  | Beasts)
 18386 | Lair:6   | Found a viscous altar of Jiyva.
 18386 | Lair:6   | Found a staircase to the Slime Pits.
 18497 | Lair:6   | Reached XP level 14. HP: 109/116 MP: 13/13
 18968 | Spider:1 | Entered Level 1 of the Spider Nest
 19316 | Spider:1 | Reached skill level 1 in Evocations
 19319 | Spider:1 | Noticed an entropy weaver
 19352 | Spider:1 | Killed an entropy weaver
 19944 | Spider:1 | Blown up by an orb spider

Illustrated notes

Levels and vault maps discovered:
D:1:      dpeg_arrival_long_road, layout_rooms
D:2:      layout_loops_corners, marbit_many_paths, dancing_weapons_uskayaw
D:3:      layout_basic, uniq_sigmund
D:4:      layout_cave_pods, zin_purify, bloody_trog,
          minmay_temple_entry_steel_oval, first_ration, uniq_robin
D:5:      layout_cave_pools, kennysheep_mini, yredelemnul_altar_generic,
          serial_shops, nicolae_shop_competitors_out_of_business, hex_medium,
          hangedman_abyss_or_decor_stagger
D:6:      wad_pebble_path, layout_basic, gammafunk_temple_overflow_pools,
          ebering_ghost_sewer_f, minmay_fractal_squares_diagonal_5
D:7:      layout_basic, uniq_pikel
D:8:      layout_loops_ring
D:9:      layout_roguey
D:10:     layout_layer_cave, minmay_lair_entry_grove,
          gammafunk_ghost_berserking_beasts
Temple:   nicolae_temple_great_sept
Lair:1:   layout_regular_city
Lair:2:   layout_chaotic_city, spider_nest_entry_funnel_web
Lair:3:   layout_cave_shapes
Lair:4:   layout_layer_cave, elwin_shoals_entry_rocks,
          cheibrodos_lair_caveside_slide, grunt_megastairs_5
Lair:5:   layout_cave_shapes, serial_bayou, serial_bayou_pond_e,
          serial_bayou_lake_a, serial_bayou_crossing, serial_bayou_shore_a
Lair:6:   minmay_lair_end_enchanted_forest, layout_cave_shapes,
          dpeg_slime_entry_enclosed_altar, enter_volcano_2, uniq_urug
Spider:1: layout_spider_delve, uniq_nikola

Skill      XL: |  1  2  3  4  5  6  7  8  9 10 11 12 13 14 |
---------------+-------------------------------------------+-----
Axes           | 4 5 6 8 9 11 12 14 16 17 | 17.8
Fighting       | 4 5 6 7 8 9 11 12 13 | 13.4
Armour         | 3 4 5 6 8 9 10 11 13 | 13.2
Dodging        | 3 4 5 6 7 8 9 11 12 | 12.2
Evocations     | 3 |  3.2

Action                   |  1- 3 |  4- 6 |  7- 9 | 10-12 | 13-15 || total
-------------------------+-------+-------+-------+-------+-------++-------
Melee: Hand axe          |    61 |    71 |   111 |       |       ||   243
       Headbutt          |     9 |    21 |    40 |   119 |    67 ||   256
       War axe           |       |       |    61 |   201 |       ||   262
       Battleaxe         |       |       |       |   242 |    97 ||   339
       Executioner's axe |       |       |       |       |   156 ||   156
Throw: Dart              |    74 |    46 |       |    28 |    79 ||   227
       Boomerang         |       |    11 |    34 |    51 |       ||    96
       Javelin           |       |       |       |     7 |    26 ||    33
Invok: Berserk           |     1 |     1 |     4 |    14 |     4 ||    24
       Trog's Hand       |       |     4 |     4 |     5 |     3 ||    16
       Brothers in Arms  |       |       |       |     1 |       ||     1
  Use: Scroll            |     3 |     4 |    11 |     8 |     5 ||    31
       Potion            |       |     3 |     6 |     2 |    10 ||    21
 Stab: Distracted        |       |       |     1 |       |       ||     1
  Eat: Chunk             |     3 |     5 |     9 |    13 |     5 ||    35
       Ration            |       |     2 |     2 |     7 |     6 ||    17
Armor: Animal skin       |    10 |       |       |       |       ||    10
       Leather armour    |       |     4 |       |       |       ||     4
       Scale mail        |       |     3 |       |       |       ||     3
       Chain mail        |       |    11 |    22 |       |       ||    33
       Plate armour      |       |       |    43 |   169 |    94 ||   306
Dodge: Dodged            |    37 |    24 |    64 |   184 |   171 ||   480
Block: Other             |       |     7 |    28 |    88 |    50 ||   173
       Reflection        |       |     2 |       |     1 |       ||     3
